 Dungeon Crawl Stone Soup version 0.21.1-1-g345015f (webtiles) character file.

124 goulibeur the Distorting Demonspawn (level 4, 0/55 HPs)
             Began as a Demonspawn Abyssal Knight on July 7, 2018.
             Was a Believer of Lugonu.
             Succumbed to an adder's poison
             ... on level 3 of the Dungeon.
             The game lasted 00:07:07 (2039 turns).

goulibeur the Distorting Demonspawn (DsAK)          Turns: 2039, Time: 00:07:07

Health: 0/55       AC: 22    Str: 12    XL:     4   Next: 81%
Magic:  7/7        EV:  2    Int: 13    God:    Lugonu [**....]
Gold:   148        SH:  0    Dex: 14    Spells: 3/3 levels left

rFire    . . .     SeeInvis .   i - +0 scimitar
rCold    . . .     Gourm    .   (no shield)
rNeg     + + +     Faith    .   (armour currently unavailable)
rPois    +         Spirit   .   (helmet currently unavailable)
rElec    .         Reflect  .   (cloak currently unavailable)
rCorr    .         Harm     .   (gloves currently unavailable)
MR       .....     NoTele   +   (boots currently unavailable)
Stlth    +.........             (no amulet)
HPRegen  0.18/turn              (no ring)
MPRegen  0.10/turn              (no ring)

@: lethally poisoned (0 -> -3), tree-form, very slightly contaminated, drained,
invisible
A: no striking features
a: Depart the Abyss, Bend Space, Renounce Religion


You were on level 3 of the Dungeon.
You worshipped Lugonu.
Lugonu was pleased with you.
You were not hungry.
You were a tree.
You visited 1 branch of the dungeon, and saw 3 of its levels.
You visited the Abyss 1 time.

You collected 148 gold pieces.

Inventory:

Hand Weapons
 a - a +1 short sword
 i - a +0 scimitar (weapon)
Armour
 b - a +0 leather armour
 e - a +0 ring mail (melded)
Scrolls
 k - a scroll of remove curse
 l - a scroll of fear {unknown}
 m - a scroll of teleportation {unknown}
 o - a scroll of amnesia {unknown}
Potions
 d - 2 potions of might
 g - 2 potions of cancellation
Comestibles
 c - 4 rations
 f - 11 chunks of flesh


   Skills:
 + Level 3.6(3.5) Fighting
 - Level 1.7(1.6) Short Blades
 + Level 2.5(2.4) Armour
 + Level 2.0(1.8) Dodging
 * Level 4.5(4.4) Invocations


You had 3 spell levels left.
You didn't know any spells.

Dungeon Overview and Level Annotations

Branches:
Dungeon (3/15)

Altars:
Sif Muna
Uskayaw


Innate Abilities, Weirdness & Mutations

((You have large cloven feet.))


Message History

You feel sick.
Okay, then.
There is a lethal amount of poison in your body!
There is a lethal amount of poison in your body!
There is a lethal amount of poison in your body!
There is a lethal amount of poison in your body!
There is a lethal amount of poison in your body!
There is a lethal amount of poison in your body!
There is a lethal amount of poison in your body!
* * * LOW HITPOINT WARNING * * *
You feel sick.
* * * LOW HITPOINT WARNING * * *
You feel sick.
* * * LOW HITPOINT WARNING * * *
You feel sick.
* * * LOW HITPOINT WARNING * * *
You feel sick.
* * * LOW HITPOINT WARNING * * *
You feel sick.
You die...

#.......(..#
...
#.######.##...#
#........##.###
...........#
........####
...(.....#
#......#.#####
#............#
#......#♣.##.#
#########.#
#...# ###.# >.#
... ..## .. #.#


There were no monsters in sight!

Vanquished Creatures
  4 adders
  3 oozes (D:1)
  A worm (D:1)
  5 dart slugs
  2 leopard geckos
  3 bats (D:1)
  6 giant cockroaches
  9 goblins
  6 hobgoblins
  2 jackals (D:1)
  A quokka (D:2)
  A ball python (D:3)
  5 frilled lizards
  3 kobolds
  10 rats
61 creatures vanquished.

Notes
Turn   | Place    | Note
-------+----------+-------------------------------------------
     0 | Abyss:1  | goulibeur the Demonspawn Abyssal Knight began the quest for the Orb.
     0 | Abyss:1  | Reached XP level 1. HP: 18/18 MP: 2/2
    26 | Abyss:1  | Noticed an ancient zyme
    27 | D:1      | Escaped the Abyss
    37 | D:1      | Found a runed door.
   163 | D:1      | Reached skill level 1 in Dodging
   190 | D:1      | Reached * piety under Lugonu
   190 | D:1      | Gained mutation: You have large cloven feet. [demonic ancestry]
   190 | D:1      | Reached XP level 2. HP: 23/24 MP: 4/4
   201 | D:1      | Reached skill level 3 in Invocations
   662 | D:1      | Reached XP level 3. HP: 26/29 MP: 5/5
   731 | D:1      | Reached ** piety under Lugonu
   914 | D:2      | Found a hide-covered altar of Uskayaw.
   930 | D:2      | Reached skill level 4 in Invocations
   930 | D:2      | Reached XP level 4. HP: 28/35 MP: 5/7
  1771 | D:2      | Found a deep blue altar of Sif Muna.
  2033 | D:3      | HP: 2/55 [poisoned by an adder]
  2039 | D:3      | Succumbed to an adder's poison

Skill      XL: |  1  2  3  4 |
---------------+-------------+-----
Dodging        | 1 2 |  2.0
Armour         | 2 |  2.5
Invocations    | 3 4 |  4.5
Fighting       | |  3.6
Short Blades   | |  1.7

Action                   |  1- 3 |  4- 6 || total
-------------------------+-------+-------++-------
Melee: Short sword       |   123 |       ||   123
       Kick              |    27 |    11 ||    38
       Scimitar          |       |    62 ||    62
Invok: Depart the Abyss  |     1 |       ||     1
  Use: Scroll            |       |     3 ||     3
       Potion            |       |     2 ||     2
  Eat: Chunk             |       |     4 ||     4
Armor: Leather armour    |     3 |       ||     3
       Ring mail         |    37 |    25 ||    62
Dodge: Dodged            |    64 |    37 ||   101
       Rpst.: Scimitar   |       |    14 ||    14
